 Dungeon Crawl Stone Soup version 0.28.0 (webtiles) character file.

Game seed: 11684356953754889771

81 Descartes the Grasshopper (level 4, 0/28 (34) HPs)
             Began as a Formicid Warper on Feb 7, 2022.
             Slain by an adder (1 damage)
             ... on level 4 of the Dungeon.
             The game lasted 00:05:57 (3265 turns).

Descartes the Grasshopper (Formicid Warper)         Turns: 3265, Time: 00:05:57

HP:   0/28 (34)     AC:  5    Str: 17    XL:     4   Next: 67%
MP:   8/8           EV: 11    Int: 13    God:
Gold: 94            SH:  0    Dex: 10    Spells: 8/8 levels left

rFire   . . .      SeeInvis +   a - +0 hand axe
rCold   . . .      Faith    .   (no shield)
rNeg    . . .      Spirit   .   h - +0 ring mail
rPois   .          Reflect  .   (helmet unavailable)
rElec   .          Harm     .   (no cloak)
rCorr   .          Rampage  .   (no gloves)
Will    .....                   (no boots)
Stlth   ..........              (no amulet)
HPRegen 0.09/turn               (no ring)
MPRegen 0.11/turn               (no ring)

@: lethally poisoned (0 -> -3), heavily drained
A: permanent stasis, dig shafts and tunnels, antennae 3, four strong arms
a: Dig, Shaft Self


You were on level 4 of the Dungeon.
You visited 1 branch of the dungeon, and saw 4 of its levels.

You collected 94 gold pieces.

Inventory:

Hand Weapons
 a - a +0 hand axe (weapon)
 v - a +2 dagger of draining
Missiles
 c - 5 boomerangs of dispersal (quivered)
 e - 78 stones
 g - 19 bolts
 q - 19 arrows
 w - 10 sling bullets
Armour
 h - a +0 ring mail (worn)
Scrolls
 f - a scroll of fog
 i - a scroll of immolation
 j - a scroll of teleportation
 r - a scroll of vulnerability
Potions
 b - a potion of heal wounds {unknown}
 d - a potion of brilliance {unknown}
 k - a potion of flight {unknown}
 l - a potion of lignification {unknown}
 m - a potion of degeneration {unknown}
 o - 2 potions of haste {unknown}
 u - a potion of might {unknown}
 x - 2 potions of attraction {unknown}


   Skills:
 + Level 2.8 Fighting
 + Level 2.6 Axes
 - Level 1.0 Throwing
 + Level 2.1 Armour
 - Level 2.0 Dodging
 + Level 2.7 Spellcasting
 + Level 3.1 Translocations


You had 8 spell levels left.
You didn't know any spells.
Your spell library contained the following spells:

 Spells                   Type           Power      Damage    Failure   Level
 Gell's Gravitas          Tloc           9%         N/A       34%         3
 Lesser Beckoning         Tloc           9%         N/A       34%         3
 Teleport Other           Tloc           9%         N/A       34%         3
 Conjure Flame            Conj/Fire      1%         6-21      77%         3
 Ignite Poison            Fire/Tmut/Pois 1%         N/A       77%         3
 Mephitic Cloud           Conj/Pois/Air  1%         N/A       77%         3
 Manifold Assault         Tloc           9%         N/A       97%         5
 Sticky Flame             Conj/Fire      1%         2d3       99%         4
 Summon Ice Beast         Ice/Summ       1%         N/A       99%         4
 Freezing Cloud           Conj/Ice/Air   0%         6-21      100%        5
 Summon Mana Viper        Hex/Summ       1%         N/A       100%        5
 Monstrous Menagerie      Summ           0%         N/A       100%        7
 Blink                    Tloc           Unusable   N/A       N/A         2

Dungeon Overview and Level Annotations

Branches:
Dungeon (4/15)
 Temple: D:4-7

Altars:
Elyvilon


Innate Abilities, Weirdness & Mutations

You cannot be hasted, slowed, berserked, paralysed or teleported.
You can dig through walls and to a lower floor.
You have a pair of large antennae on your head. (SInv)
Your four strong arms can wield two-handed weapons with a shield.


Message History

The adder hisses angrily.
A giant cockroach comes into view.
The adder moves out of view.
The adder completely misses you.
You barely miss the adder. The adder barely misses you. The adder bites you.
You are poisoned.
The adder poisons you!
You miss the adder.
You feel sick. The adder bites you.
You are more poisoned.
The adder poisons you!
You hit the adder.
The adder is moderately wounded.
You closely miss the giant cockroach.
You feel very sick. The adder barely misses you.
The giant cockroach bites you but does no damage.
The adder bites you but does no damage.
You miss the adder.
The adder is moderately wounded.
You hit the giant cockroach.
You feel sick. The giant cockroach bites you. The adder barely misses you.
You closely miss the adder.
The adder is moderately wounded.
You barely miss the giant cockroach.
You feel sick. The giant cockroach barely misses you. The adder bites you. x2
The giant cockroach barely misses you.
You hit the adder.
The adder is heavily wounded.
You hit the giant cockroach but do no damage.
You feel sick. The adder closely misses you. The giant cockroach bites you.
* * * LOW HITPOINT WARNING * * *
You barely miss the adder.
The adder is heavily wounded.
You hit the endoplasm. You hit the giant cockroach.
You feel sick. The adder bites you.
* * * LOW HITPOINT WARNING * * *
The giant cockroach bites you.
* * * LOW HITPOINT WARNING * * *
The endoplasm barely misses you. The adder bites you.
You die...

,,****,,,,,,,,,,,,,,,,,,,,,* ,**
*****+*********,,,,,,,,* ,****
**+#####* *,,,,,,,,*
,*******,......* ********,*
,,,,,,,*,......#**********,*
,,,,,,,+,.......,,,,,,,,,,>*
,,,,,,,*,.......###########***
,,,,,,,*,......J#...........,****
,,,,,,,*,......B@.......)....+,,,
,,,,,,,*,......S#............#***
,,,,,,,*,.......#............#**,
,,,,,,,**....##.#.............,,,
,,,,,,,**...,*#.#............#**,
,,,,,,,**##*,*#.#............# *,
,,,,,,,* *,*#.#............# *,
************,,#.#............# **
*,,,,,,,,,*{#.....<......#


You could see an adder, an endoplasm and a giant cockroach.

Vanquished Creatures
  An adder (D:2)
  5 dart slugs
  6 endoplasms
  2 giant cockroaches
  2 goblins
  6 hobgoblins
  5 jackals (D:2)
  4 kobolds
  4 quokkas
  5 ball pythons
  9 bats
  3 frilled lizards
  3 rats (D:1)
55 creatures vanquished.

Notes
Turn   | Place    | Note
-------+----------+-------------------------------------------
     0 | D:1      | Descartes the Formicid Warper began the quest for the Orb.
     0 | D:1      | Reached XP level 1. HP: 16/16 MP: 3/3
   152 | D:1      | Reached XP level 2. HP: 14/22 MP: 5/5
   915 | D:1      | Reached XP level 3. HP: 26/28 MP: 6/6
  1375 | D:2      | Found a faded altar of an unknown god.
  1749 | D:2      | Reached skill level 3 in Translocations
  1749 | D:2      | Reached XP level 4. HP: 26/34 MP: 7/7
  2735 | D:3      | Found a white marble altar of Elyvilon.
  3265 | D:4      | HP: 1/28 [giant cockroach (2)]
  3265 | D:4      | Slain by an adder

Illustrated notes

Levels and vault maps discovered:
D:1:      psy_arrival_radial02, layout_basic
D:2:      layout_basic, hellmonk_ecumenical_altar_dog_temple
D:3:      layout_basic, overflow_temple_1_default, minivault_26
D:4:      layout_basic, lightli_ossuary_entry_decrepit_ruins,
          minmay_misc_feat_enclosed, uniq_menkaure, uniq_crazy_yiuf_cottage,
          uniq_robin

Skill      XL: |  1  2  3 |
---------------+----------+-----
Dodging        | 2 |  2.0
Armour         | 2 |  2.1
Translocations | 3 |  3.1
Fighting       | |  2.8
Axes           | |  2.6
Throwing       | |  1.0
Spellcasting   | |  2.7

Action                   |  1- 3 |  4- 6 || total
-------------------------+-------+-------++-------
Melee: Hand axe          |   128 |    91 ||   219
       Punch             |       |     1 ||     1
  Use: Scroll            |       |     7 ||     7
Armor: Leather armour    |    27 |       ||    27
       Ring mail         |    30 |    35 ||    65
Dodge: Dodged            |    92 |    57 ||   149
